 Dungeon Crawl Stone Soup version 0.28-a0-991-g956f0ee3d5 (webtiles) character file.

Game seed: 15230171048242643819

6799 Htamos the Tainter (level 11, -7/77 HPs)
             Began as a Formicid Venom Mage on Dec 5, 2021.
             Was a Priest of the Shining One.
             Mangled by an elephant simulacrum (21 damage)
             ... in an ice cave.
             The game lasted 00:29:43 (10262 turns).

Htamos the Tainter (Formicid Venom Mage)           Turns: 10262, Time: 00:29:44

Health: -7/77      AC:  8    Str: 14    XL:     11   Next: 25%
Magic:  24/24      EV: 12    Int: 16    God:    the Shining One [***...]
Gold:   294        SH: 12    Dex: 19    Spells: 20/28 levels left

rFire   . . .      SeeInvis +   m - +3 hand axe (elec)
rCold   . . .      Faith    .   i - +0 kite shield
rNeg    + . .      Spirit   .   v - +1 ring mail
rPois   .          Reflect  .   (helmet unavailable)
rElec   .          Harm     .   D - +0 cloak
rCorr   .          Rampage  .   (no gloves)
Will    ++...                   y - +0 pair of boots
Stlth   +.........              r - amulet of regeneration
HPRegen 1.02/turn               n - +6 ring of dexterity
MPRegen 0.19/turn               (no ring)

@: glowing
A: permanent stasis, dig shafts and tunnels, antennae 3, four strong arms,
strong-willed 1, wild magic 1
a: Dig, Renounce Religion, Divine Shield, Cleansing Flame


You were in an ice cave.
You worshipped the Shining One.
The Shining One was most pleased with you.
You visited 2 branches of the dungeon, and saw 12 of its levels.
You also visited: Ice Cave.

You collected 508 gold pieces.
You spent 214 gold pieces at shops.

Inventory:

Hand Weapons
 d - a +0 dagger
 e - a +0 club
 g - a +0 spear
 h - a +0 hand axe of flaming
 m - a +3 hand axe of electrocution (weapon)
 o - a +0 whip
Missiles
 c - 326 stones
 k - 57 poisoned darts (quivered)
 B - a throwing net
Armour
 a - a +0 robe
 i - a +0 kite shield (worn)
 q - a +0 hat
 t - a +0 chain mail
 v - a +1 ring mail (worn)
 y - a +0 pair of boots (worn)
 D - a +0 cloak (worn)
 E - +0 steam dragon scales
 K - the +1 robe "Waizango" {rN+}
   (You found it on level 9 of the Dungeon)

   rN:        It protects you from negative energy.
Jewellery
 n - a +6 ring of dexterity (left hand)
 r - an amulet of regeneration (around neck)
Wands
 f - a wand of flame (12)
 G - a wand of mindburst (5)
 L - a wand of iceblast (4)
Scrolls
 j - 2 scrolls of vulnerability
 l - 3 scrolls of fog
 p - a scroll of fear
 s - a scroll of brand weapon
 w - 7 scrolls of identify {@rr}
 C - a scroll of noise {unknown}
 F - 2 scrolls of enchant armour
Potions
 b - 2 potions of invisibility
 u - 4 potions of flight
 x - a potion of brilliance
 A - a potion of haste
 H - a potion of cancellation
Miscellaneous
 I - a phantom mirror (inert)


   Skills:
 - Level 4.1 Fighting
 - Level 5.0 Axes
 - Level 2.5 Armour
 - Level 2.9 Dodging
 - Level 2.4 Stealth
 - Level 9.0 Shields
 - Level 9.1 Spellcasting
 - Level 1.1 Transmutations
 + Level 12.5 Poison Magic


You had 20 spell levels left.
You knew the following spells:

 Your Spells              Type           Power      Damage    Failure   Level
a - Sting                 Tmut/Pois      100%       1d8       2%          1
b - Magic Dart            Conj           36%        1d4       28%         1
c - Passwall              Tmut/Erth      9%         N/A       32%         2
d - Olgreb's Toxic Radia  Pois           57%        N/A       2%          4

Your spell library contained the following spells:

 Spells                   Type           Power      Damage    Failure   Level
 Poisonous Vapours        Pois/Air       70%        N/A       4%          2
 Mephitic Cloud           Conj/Pois/Air  26%        N/A       16%         3
 Wereblood                Tmut           14%        N/A       26%         2
 Apportation              Tloc           18%        N/A       28%         1
 Sandblast                Erth           18%        2d7       28%         1
 Call Imp                 Summ           9%         N/A       38%         2
 Searing Ray              Conj           18%        2d5       38%         2
 Sublimation of Blood     Necr           9%         N/A       38%         2
 Alistair's Intoxication  Tmut/Pois      24%        N/A       41%         5
 Ozocubu's Armour         Ice            9%         N/A       61%         3
 Stone Arrow              Conj/Erth      18%        3d8       61%         3
 Fulminant Prism          Conj/Hex       4%         3d6       93%         4
 Metabolic Englaciation   Hex/Ice        4%         N/A       100%        5
 Simulacrum               Ice/Necr       4%         N/A       100%        6
 Summon Hydra             Summ           4%         N/A       100%        7
 Swiftness                Air            Unusable   N/A       N/A         3

Dungeon Overview and Level Annotations

Branches:
Dungeon (10/15)            Temple (0/1) D:4            Lair (2/6) D:9
  IceCv (1/1)
  Swamp: Lair:2-4    Shoals: Lair:2-4     Snake: Lair:2-4    Spider: Lair:2-4
    Orc: D:9-12

Altars:
Ashenzari
Qazlal
Trog
Vehumet
The Shining One

Shops:
D:1 ((   D:4 (   D:9 (

Annotations:
D:7 2 runed translucent doors


Innate Abilities, Weirdness & Mutations

You cannot be hasted, slowed, berserked, paralysed or teleported.
You can dig through walls and to a lower floor.
You have a pair of large antennae on your head. (SInv)
Your four strong arms can wield two-handed weapons with a shield.
You are strong-willed. (Will+)
Your spells are a little harder to cast, but a little more powerful.


Message History

Unknown command.
You hit the elephant simulacrum.
The elephant simulacrum is heavily damaged.
The elephant simulacrum tramples you.
* * * LOW HITPOINT WARNING * * *
You hold your ground!
The elephant simulacrum barely misses you.
Unknown command.
You are too injured to fight recklessly!
You hit the elephant simulacrum but do no damage.
The elephant simulacrum is heavily damaged.
You block the elephant simulacrum's attack. x2
You hit the elephant simulacrum but do no damage.
The elephant simulacrum is heavily damaged.
You hit the elephant simulacrum.
The elephant simulacrum is heavily damaged.
You block the elephant simulacrum's attack.
The elephant simulacrum closely misses you.
You hit the elephant simulacrum.
The elephant simulacrum is severely damaged.
The elephant simulacrum tramples you.
* * * LOW HITPOINT WARNING * * *
You hold your ground!
The elephant simulacrum trunk-slaps you.
* * * LOW HITPOINT WARNING * * *
The elephant simulacrum freezes you!!
* * * LOW HITPOINT WARNING * * *
You slash the elephant simulacrum!
The elephant simulacrum is almost destroyed.
The elephant simulacrum tramples you.
* * * LOW HITPOINT WARNING * * *
You hold your ground!
The elephant simulacrum closely misses you.
Unknown command.
You feel better.
You block the elephant simulacrum's attack.
The elephant simulacrum trunk-slaps you.
* * * LOW HITPOINT WARNING * * *
The elephant simulacrum freezes you!!
You die...

{ ##...##
#...##
#...##
##...#
##...##
##.....##
#...∩...#
#....Z..#
##..∩.@##
##...##
#####


You could see an elephant simulacrum.

Vanquished Creatures
  Fannar (Lair:1)
  A rime drake (Lair:1)
  Grinder (D:6)
  A shadow (D:9)
  A wyvern (D:8)
  10 yaks
  Eustachio (D:6)
  A basilisk (Lair:2)
  A death yak simulacrum (Lair:1)
  A steam dragon (D:8)
  Menkaure (D:5)
  Edmund (D:5)
  An acid dragon (D:8)
  4 water moccasins
  An orc warrior (D:9)
  A black bear (D:6)
  2 sky beasts
  2 ogres (D:5)
  4 centaurs
  2 kobold brigands (D:9)
  A scorpion (D:5)
  4 bullfrogs
  A howler monkey (D:9)
  A crimson imp (D:3)
  4 jellies
  4 centaur zombies
  A bullfrog zombie (D:4)
  2 hounds
  3 orc priests
  8 orc wizards
  Ijyb (D:3)
  A wolf simulacrum (IceCv)
  A spriggan simulacrum (IceCv)
  A killer bee zombie (D:6)
  3 howler monkey zombies
  A howler monkey skeleton (D:5)
  8 gnolls
  3 adders
  2 shadow imps
  3 white imps
  4 ufetubi
  An adder skeleton (D:4)
  3 dart slugs
  18 orcs
  11 ball pythons
  6 endoplasms
  6 giant cockroaches
  7 hobgoblins
  9 kobolds
  2 quokkas
  8 bats
  2 frilled lizards
  10 goblins
  A goblin skeleton (D:3)
  2 goblin zombies (D:3)
  3 hobgoblin zombies (D:3)
  2 kobold skeletons (D:3)
  2 orc skeletons (D:3)
  6 rats
194 creatures vanquished.

Vanquished Creatures (others)
  3 fungi (Lair:1)
  3 plants (Lair:1)
6 creatures vanquished.

Grand Total: 200 creatures vanquished

Notes
Turn   | Place    | Note
-------+----------+-------------------------------------------
     0 | D:1      | Htamos the Formicid Venom Mage began the quest for the Orb.
     0 | D:1      | Reached XP level 1. HP: 13/13 MP: 3/3
   220 | D:1      | Reached skill level 1 in Fighting
   551 | D:1      | Found Was Unel's Weapon Shop.
   594 | D:1      | Reached XP level 2. HP: 14/22 MP: 0/5
   959 | D:1      | Found Ysoruaba's Antique Weapon Boutique.
  1265 | D:1      | Reached XP level 3. HP: 26/28 MP: 3/6
  1737 | D:2      | Reached skill level 1 in Axes
  2087 | D:2      | Found a faded altar of an unknown god.
  2092 | D:2      | Reached XP level 4. HP: 35/35 MP: 5/7
  2580 | D:3      | Found a glowing golden altar of the Shining One.
  2656 | D:3      | Became a worshipper of the Shining One
  2677 | D:3      | Reached XP level 5. HP: 41/41 MP: 8/8
  2878 | D:3      | Learned a level 1 spell: Magic Dart
  2948 | D:3      | Noticed Ijyb
  3370 | D:3      | Gained mutation: Your mind is acute. (Int +2) [potion of
                  | mutation]
  3370 | D:3      | Gained mutation: Your spells are a little harder to cast,
                  | but a little more powerful. [potion of mutation]
  3370 | D:3      | Lost mutation: Your mind is acute. (Int +2) [potion of
                  | mutation]
  3370 | D:3      | Gained mutation: You are strong-willed. (Will+) [potion of
                  | mutation]
  3380 | D:3      | Killed Ijyb
  3480 | D:3      | Reached XP level 6. HP: 47/47 MP: 9/9
  3622 | D:4      | Reached skill level 5 in Axes
  3843 | D:4      | Found a bloodstained altar of Trog.
  3971 | D:4      | Found Gukunu's Weapon Emporium.
  3977 | D:4      | Bought a +2 hand axe of electrocution for 214 gold pieces
  4301 | D:4      | Found a staircase to the Ecumenical Temple.
  4504 | D:4      | Found a radiant altar of Vehumet.
  4512 | D:4      | Reached XP level 7. HP: 54/54 MP: 10/10
  4551 | D:5      | Entered Level 5 of the Dungeon
  4727 | D:5      | Noticed Grinder
  4783 | D:6      | Killed Grinder
  4784 | D:6      | Reached skill level 5 in Shields
  4904 | D:5      | Learned a level 2 spell: Passwall
  4905 | D:5      | Found a stormy altar of Qazlal.
  4907 | D:5      | Noticed Menkaure
  4910 | D:5      | Killed Menkaure
  4911 | D:5      | Reached XP level 8. HP: 58/60 MP: 11/11
  5094 | D:5      | Reached * piety under the Shining One
  5194 | D:5      | Found the +6 lightning scales {swift, rElec}
  5213 | D:5      | Noticed Edmund
  5285 | D:5      | Killed Edmund
  6111 | D:6      | Noticed Eustachio
  6122 | D:6      | Killed Eustachio
  6123 | D:6      | Reached skill level 1 in Armour
  6250 | D:6      | Found a broken altar of Ashenzari.
  6344 | D:6      | Reached XP level 9. HP: 59/65 MP: 4/12
  7070 | D:7      | Found a runed translucent door.
  7072 | D:7      | Found a runed translucent door.
  7073 | D:7      | Reached ** piety under the Shining One
  7214 | D:7      | Reached skill level 5 in Poison Magic
  7382 | D:7      | Reached skill level 6 in Poison Magic
  8245 | D:8      | Reached skill level 5 in Spellcasting
  8245 | D:8      | Reached skill level 7 in Poison Magic
  8721 | D:9      | Reached XP level 10. HP: 69/71 MP: 18/18
  8766 | D:9      | Reached skill level 8 in Poison Magic
  8978 | D:9      | Found Xolifusahi's Weapon Boutique.
  9310 | D:9      | Identified the +1 robe "Waizango" {rN+}
  9468 | D:9      | Reached skill level 9 in Poison Magic
  9482 | D:9      | Found a staircase to the Lair.
  9483 | D:9      | Noticed a death yak
  9484 | D:9      | Noticed a death yak
  9488 | D:9      | Noticed a death yak
  9489 | D:9      | Noticed a death yak
  9489 | D:9      | Noticed a death yak
  9504 | D:9      | You fall into a shaft and drop 1 floor!
  9504 | D:10     | Entered Level 10 of the Dungeon
  9665 | D:9      | Identified the +6 hand axe "Impbane" {spect, rF+ rN++ Str+2
                  | Int-2}
  9670 | Lair:1   | Entered Level 1 of the Lair of Beasts
  9741 | Lair:1   | Reached skill level 10 in Poison Magic
  9871 | Lair:1   | Noticed Fannar
  9889 | Lair:1   | Killed Fannar
  9890 | Lair:1   | Reached skill level 11 in Poison Magic
  9890 | Lair:1   | Reached XP level 11. HP: 19/77 MP: 23/23
 10001 | Lair:1   | Reached skill level 12 in Poison Magic
 10012 | Lair:1   | Learned a level 4 spell: Olgreb's Toxic Radiance
 10190 | Lair:1   | Found a frozen archway.
 10215 | IceCv    | Entered an ice cave
 10233 | IceCv    | Reached *** piety under the Shining One
 10262 | IceCv    | Mangled by an elephant simulacrum

Illustrated notes

Levels and vault maps discovered:
D:1:      arrival_zaba_pyramid, layout_rooms, serial_shops, shop,
          nicolae_shop_waterfront
D:2:      layout_rooms, shapermc_ecumenical_altar_starsandcircs
D:3:      layout_rooms, nicolae_tso_besieged_by_evil, corexii_shack, uniq_ijyb
D:4:      layout_rooms, trog_three_pillars_becter,
          mainiacjoe_overflow_small_starburst, temple_green, serial_shops,
          nicolae_shop_hallway_plus
D:5:      layout_basic, mainiacjoe_overflow_boulevard, uniq_edmund,
          uniq_menkaure, uniq_grinder
D:6:      layout_basic, kennysheep_little_box, chequers_serial_rivers_small_3,
          uniq_eustachio
D:7:      lemuel_insect_pit, layout_basic
D:8:      layout_cave_pools, minmay_misc_feat_room
D:9:      layout_basic, dpeg_lair_monsters, serial_shops, shop
D:10:     layout_small_grid, grunt_dithmenos_shadows,
          mainiacjoe_overflow_concentric_impassable, moated_statue
Lair:1:   layout_roguey, gammafunk_ghost_wrathful_warriors,
          portal_ice_cave_entry_ice_simulacra, small_statue_intersection,
          uniq_fannar
Lair:2:   minmay_guarded_unrand_snakebite, layout_big_grid, grunt_megastairs_4,
          infiniplex_staircase_pool
IceCv:    ice_cave_small_demon

Skill      XL: |  1  2  3  4  5  6  7  8  9 10 11 |
---------------+----------------------------------+-----
Fighting       | 1 2 3 4 |  4.1
Axes           | 1 3 4 5 |  5.0
Shields        | 6 9 |  9.0
Armour         | 2 |  2.5
Dodging        | 2 |  2.9
Spellcasting   | 5 8 9 |  9.1
Poison Magic   | 7 11 12 | 12.5
Stealth        | |  2.4
Transmutations | |  1.1

Action                   |  1- 3 |  4- 6 |  7- 9 | 10-12 || total
-------------------------+-------+-------+-------+-------++-------
Melee: Unarmed           |    26 |       |       |       ||    26
       Dagger            |    29 |       |       |       ||    29
       Hand axe          |     8 |   120 |   135 |   215 ||   478
Throw: Dart              |     1 |       |       |       ||     1
 Cast: Sting             |    53 |    79 |   115 |    38 ||   285
       Magic Dart        |       |    12 |     5 |     2 ||    19
Invok: Divine Shield     |       |       |       |     5 ||     5
 Abil: Dig               |       |       |       |     6 ||     6
       Shaft Self        |       |       |       |     1 ||     1
Evoke: Wand              |       |       |     3 |     6 ||     9
       Phantom mirror    |       |       |       |     1 ||     1
  Use: Scroll            |     1 |     3 |     8 |       ||    12
       Potion            |     1 |     5 |     2 |     6 ||    14
 Stab: Sleeping          |       |     1 |       |       ||     1
Armor: Robe              |    27 |    18 |       |       ||    45
       Skin              |     7 |       |       |       ||     7
       Ring mail         |       |    33 |    59 |    55 ||   147
Dodge: Dodged            |    62 |   100 |    91 |    67 ||   320
Block: Kite shield       |       |       |    98 |   156 ||   254

Table legend: (Time is in decaauts)
 A = Elapsed time spent in this place.
 B = Non-inter-level travel time spent in this place.
 C = Inter-level travel time spent in this place.
 D = Time resting spent in this place.
 E = Time spent auto-exploring this place.
 F = Levels seen in this place.
 G = Mean time per level.
                   A        B        C        D        E       F      G
               +--------+--------+--------+--------+--------+-----+--------+
         Total |  10318 |  10016 |    302 |   1234 |   6207 |  13 |  793.7 |
       Dungeon |   9719 |   9433 |    286 |   1151 |   6015 |  10 |  971.9 |
          Lair |    551 |    535 |     16 |     83 |    192 |   2 |  275.5 |
      Ice Cave |     47 |     47 |      0 |      0 |      0 |   1 |   47.0 |
               +--------+--------+--------+--------+--------+-----+--------+

Top non-repeatable levels by time:
     D:1: 1586 daAuts
     D:6: 1297 daAuts
     D:5: 1206 daAuts
     D:3: 1184 daAuts
     D:7: 1049 daAuts
     D:4: 958 daAuts
     D:9: 871 daAuts
     D:2: 847 daAuts
     D:8: 619 daAuts
  Lair:1: 461 daAuts
    D:10: 98 daAuts
  Lair:2: 90 daAuts
   IceCv: 47 daAuts
